BSA
MAUI TROPICS @ NEW ORLEANS LOOTERS
07/28/2028
 
TOP OF THE 1ST
Maui Tropics batting - Pitching for New Orleans Looters : RHP Étienne Garcia
Pitching: RHP Étienne Garcia
Batting: LHB Mike Pearson 0-0: Ball
1-0: Foul Ball, location: 2F
1-1: Fly out, F8 (Flyball, 78M)
Batting: LHB Luis Antonio Torres 0-0: Ball
1-0: Foul Ball, location: 2F
1-1: Ball
2-1: SINGLE (Groundball, 6M) (infield hit)
Batting: RHB Jesús Espinoza 0-0: Ball
1-0: Swinging Strike
1-1: Foul Ball, location: 2F
1-2: Strikes out swinging
Batting: RHB José Herrera 0-0: Foul Ball, location: 2F
0-1: Ball
1-1: Swinging Strike
1-2: Strikes out swinging
Top of the 1st over - 0 run(s), 1 hit(s), 0 error(s), 1 left on base; Maui 0 - New Orleans 0
BOTTOM OF THE 1ST
New Orleans Looters batting - Pitching for Maui Tropics : RHP Júlio González
Pitching: RHP Júlio González
Batting: SHB Arturo Sánchez 0-0: Foul Ball, location: 2F
0-1: SINGLE (Groundball, 34D)
Batting: RHB Rubén Vázquez 0-0: Swinging Strike
0-1: Ball
1-1: Ball
Arturo Sánchez steals 2nd base
2-1: Foul Ball, location: 2F
2-2: Ball
3-2: Strikes out swinging
Batting: SHB Oliver Deleón 0-0: Ball
1-0: Foul Ball, location: 2F
1-1: Fly out, F8 (Flyball, 78D)
Batting: RHB Stephen Shaw 0-0: Ball
1-0: Ball
2-0: Ball
3-0: Called Strike
3-1: Foul Ball, location: 2F
3-2: Foul Ball, location: 2F
3-2: SINGLE (Groundball, 5D)
Arturo Sánchez to third
Arturo Sánchez scores
Batting: RHB Dave O'Loan 0-0: Ball
1-0: Foul Ball, location: 2F
1-1: Ball
2-1: Ball
3-1: Base on Balls
Stephen Shaw to second
Batting: LHB Taylor Smith 0-0: Ball
1-0: Ball
2-0: Called Strike
2-1: Ball
3-1: Base on Balls
Stephen Shaw to third
Dave O'Loan to second
Batting: LHB Francisco Vega 0-0: Called Strike
0-1: Ball
1-1: Fly out, F8 (Flyball, 8LM)
Bottom of the 1st over - 1 run(s), 2 hit(s), 0 error(s), 3 left on base; Maui 0 - New Orleans 1
TOP OF THE 2ND
Maui Tropics batting - Pitching for New Orleans Looters : RHP Étienne Garcia
Batting: RHB Luis Alou 0-0: Ball
1-0: Ball
2-0: Reached via error on a dropped throw, E3
Batting: RHB Michael Woodruff 0-0: Called Strike
0-1: Foul Ball, location: 2F
0-2: Ball
1-2: Foul Ball, location: 2F
1-2: Foul Ball, location: 2F
1-2: Ball
2-2: Foul Ball, location: 2F
2-2: Strikes out swinging
Batting: SHB Ryobe Yamamoto 0-0: Ball
1-0: Ball
2-0: Ball
3-0: Called Strike
3-1: Called Strike
3-2: Fielders Choice at 2nd, 5-4 (Groundball, 56)
Batting: RHB José Rodríguez 0-0: Ball
1-0: Swinging Strike
1-1: Called Strike
1-2: Ball
2-2: Strikes out swinging
Top of the 2nd over - 0 run(s), 0 hit(s), 1 error(s), 1 left on base; Maui 0 - New Orleans 1
BOTTOM OF THE 2ND
New Orleans Looters batting - Pitching for Maui Tropics : RHP Júlio González
Batting: RHB Run-ming Zhu 0-0: Ball
1-0: Foul Ball, location: 2F
1-1: Foul Ball, location: 2F
1-2: Strikes out swinging
Batting: LHB Miguel Colón 0-0: SINGLE (Line Drive, 4D)
Batting: SHB Arturo Sánchez 0-0: Swinging Strike
0-1: Ball
1-1: Swinging Strike
1-2: Ball
2-2: Strikes out swinging
Miguel Colón steals 2nd base
Batter strikes out.
Batting: RHB Rubén Vázquez 0-0: Ball
1-0: Fly out, F1 (Line Drive, 15)
Bottom of the 2nd over - 0 run(s), 1 hit(s), 0 error(s), 1 left on base; Maui 0 - New Orleans 1
TOP OF THE 3RD
Maui Tropics batting - Pitching for New Orleans Looters : RHP Étienne Garcia
Batting: RHB Matt Silver 0-0: Ball
1-0: Fly out, F6 (Line Drive, 6)
Batting: LHB Mike Pearson 0-0: Ball
1-0: Foul Ball, location: 2F
1-1: Called Strike
1-2: Strikes out swinging
Batting: LHB Luis Antonio Torres 0-0: Ball
1-0: Called Strike
1-1: Ball
2-1: Foul Ball, location: 2F
2-2: Strikes out looking
Top of the 3rd over - 0 run(s), 0 hit(s), 0 error(s), 0 left on base; Maui 0 - New Orleans 1
BOTTOM OF THE 3RD
New Orleans Looters batting - Pitching for Maui Tropics : RHP Júlio González
Batting: SHB Oliver Deleón 0-0: Ball
1-0: Swinging Strike
1-1: Ball
2-1: Foul Ball, location: 2F
2-2: SINGLE (Line Drive, 4MD)
Batting: RHB Stephen Shaw 0-0: Called Strike
0-1: Ball
1-1: SINGLE (Flyball, 89S)
Oliver Deleón to second
Batting: RHB Dave O'Loan 0-0: Swinging Strike
0-1: Swinging Strike
0-2: Foul Ball, location: 2F
0-2: Foul Ball, location: 2F
0-2: Ball
1-2: Foul Ball, location: 2F
1-2: Fly out, F7 (Flyball, 7)
Batting: LHB Taylor Smith 0-0: Called Strike
0-1: Ball
1-1: Grounds into double play, 6-4-3 (Groundball, 6)
Bottom of the 3rd over - 0 run(s), 2 hit(s), 0 error(s), 1 left on base; Maui 0 - New Orleans 1
TOP OF THE 4TH
Maui Tropics batting - Pitching for New Orleans Looters : RHP Étienne Garcia
Batting: RHB Jesús Espinoza 0-0: Ball
1-0: Foul Ball, location: 2F
1-1: Ball
2-1: Ball
3-1: Foul Ball, location: 2F
3-2: SOLO HOME RUN (Flyball, 89XD), Distance : 377 ft
Batting: RHB José Herrera 0-0: Ball
1-0: Fly out, F9 (Flyball, 9LMF)
Batting: RHB Luis Alou 0-0: SINGLE (Groundball, 56D)
Batting: RHB Michael Woodruff 0-0: Called Strike
Luis Alou is caught stealing 2nd base
0-1: Foul Ball, location: 2F
0-2: Ball
1-2: Ball
2-2: SINGLE (Line Drive, 89M)
Batting: SHB Ryobe Yamamoto 0-0: Called Strike
0-1: Ball
1-1: Foul Ball, location: 2F
1-2: Foul Ball, location: 2F
1-2: Fly out, F7 (Flyball, 7S)
Top of the 4th over - 1 run(s), 3 hit(s), 0 error(s), 1 left on base; Maui 1 - New Orleans 1
BOTTOM OF THE 4TH
New Orleans Looters batting - Pitching for Maui Tropics : RHP Júlio González
Batting: LHB Francisco Vega 0-0: Ground out U3 (Groundball, 3)
Batting: RHB Run-ming Zhu 0-0: Ball
1-0: Ball
2-0: Ball
3-0: Called Strike
3-1: Foul Ball, location: 2F
3-2: Foul Ball, location: 2F
3-2: SINGLE (Groundball, 6MD)
Batting: LHB Miguel Colón 0-0: Ball
1-0: Fly out, F6 (Popup, 6MS)
Batting: SHB Arturo Sánchez 0-0: Called Strike
0-1: Ball
1-1: Swinging Strike
1-2: Foul Ball, location: 2F
1-2: Ball
2-2: Ball
3-2: Foul Ball, location: 2F
3-2: TRIPLE (Line Drive, 5L)
Run-ming Zhu scores
Batting: RHB Rubén Vázquez 0-0: Ball
1-0: Called Strike
1-1: Fly out, F9 (Flyball, 9S)
Bottom of the 4th over - 1 run(s), 2 hit(s), 0 error(s), 1 left on base; Maui 1 - New Orleans 2
TOP OF THE 5TH
Maui Tropics batting - Pitching for New Orleans Looters : RHP Étienne Garcia
Batting: RHB José Rodríguez 0-0: Foul Ball, location: 2F
0-1: SINGLE (Flyball, 89S)
Batting: RHB Matt Silver 0-0: Fly out, F8 (Line Drive, 78D)
Batting: LHB Mike Pearson 0-0: Called Strike
0-1: Foul Ball, location: 2F
0-2: Ball
1-2: DOUBLE (Flyball, 8RXD)
José Rodríguez to third
Batting: LHB Luis Antonio Torres 0-0: Ground out 2-3 (Groundball, 2R)
Batting: RHB Jesús Espinoza 0-0: Fly out, F8 (Flyball, 8LXD)
Top of the 5th over - 0 run(s), 2 hit(s), 0 error(s), 2 left on base; Maui 1 - New Orleans 2
BOTTOM OF THE 5TH
New Orleans Looters batting - Pitching for Maui Tropics : RHP Júlio González
Batting: SHB Oliver Deleón 0-0: Ball
1-0: Ball
2-0: Ball
3-0: Base on Balls
Batting: RHB Stephen Shaw 0-0: Ball
1-0: Fly out, F7 (Flyball, 7S)
Batting: RHB Dave O'Loan 0-0: Ball
1-0: Foul Ball, location: 2F
1-1: Called Strike
1-2: Foul Ball, location: 2F
1-2: SINGLE (Groundball, 6MD)
Oliver Deleón to second
Batting: LHB Taylor Smith 0-0: Ball
1-0: Called Strike
1-1: Foul Ball, location: 2F
1-2: Fly out, F9 (Flyball, 9LS)
Batting: LHB Francisco Vega 0-0: Foul Ball, location: 2F
0-1: Ball
1-1: Foul Ball, location: 2F
1-2: Foul Ball, location: 2F
1-2: Fielders Choice at 2nd, 5-4 (Groundball, 56)
Bottom of the 5th over - 0 run(s), 1 hit(s), 0 error(s), 1 left on base; Maui 1 - New Orleans 2
TOP OF THE 6TH
Maui Tropics batting - Pitching for New Orleans Looters : RHP Étienne Garcia
Batting: RHB José Herrera 0-0: Ball
1-0: Foul Ball, location: 2F
1-1: Foul Ball, location: 2F
1-2: Ball
2-2: Ball
3-2: SOLO HOME RUN (Line Drive, 9D), Distance : 360 ft
Batting: RHB Luis Alou 0-0: Swinging Strike
0-1: Swinging Strike
0-2: Foul Ball, location: 2F
0-2: Strikes out swinging
Batting: RHB Michael Woodruff 0-0: Swinging Strike
0-1: SINGLE (Groundball, 56D)
Batting: SHB Ryobe Yamamoto 0-0: Ball
1-0: Fielders Choice at 2nd, 6-4 (Groundball, 6)
Batting: RHB José Rodríguez 0-0: Swinging Strike
0-1: Fly out, F8 (Line Drive, 78XD)
Top of the 6th over - 1 run(s), 2 hit(s), 0 error(s), 1 left on base; Maui 2 - New Orleans 2
BOTTOM OF THE 6TH
New Orleans Looters batting - Pitching for Maui Tropics : RHP Júlio González
Pitching: RHP Yong-taek Yi
Batting: RHB Run-ming Zhu 0-0: Ball
1-0: Ball
2-0: Ball
3-0: Base on Balls
Batting: LHB Miguel Colón 0-0: Called Strike
0-1: Ball
1-1: SINGLE (Groundball, P) (infield hit)
Run-ming Zhu to second
Batting: SHB Arturo Sánchez 0-0: Called Strike
0-1: Fly out, F7 (Flyball, 78S)
Batting: RHB Rubén Vázquez 0-0: Ball
1-0: Called Strike
1-1: Foul Ball, location: 2F
1-2: Foul Ball, location: 2F
1-2: Foul Ball, location: 2F
1-2: Foul Ball, location: 2F
1-2: Ball
2-2: Ground out 3-1 (Groundball, 34S)
Run-ming Zhu to third
Miguel Colón to second
Batting: SHB Oliver Deleón 0-0: Called Strike
0-1: Ball
1-1: Swinging Strike
1-2: Fly out, F8 (Flyball, 8LD)
Bottom of the 6th over - 0 run(s), 1 hit(s), 0 error(s), 2 left on base; Maui 2 - New Orleans 2
TOP OF THE 7TH
Maui Tropics batting - Pitching for New Orleans Looters : RHP Étienne Garcia
Pitching: LHP Tadao Yoshida
Batting: RHB Matt Silver 0-0: Ball
1-0: Ball
2-0: Foul Ball, location: 2F
2-1: Ball
3-1: Ground out 1-3 (Groundball, 13S)
Batting: LHB Mike Pearson 0-0: Ball
1-0: Ball
2-0: Called Strike
2-1: Ball
3-1: Base on Balls
Batting: LHB Luis Antonio Torres 0-0: Ball
1-0: Foul Ball, location: 2F
1-1: Ball
2-1: Swinging Strike
2-2: Foul Ball, location: 2F
2-2: Ball
3-2: Fly out, F7 (Flyball, 7S)
Batting: RHB Jesús Espinoza 0-0: Called Strike
0-1: Foul Ball, location: 2F
0-2: Foul Ball, location: 2F
0-2: Strikes out looking
Top of the 7th over - 0 run(s), 0 hit(s), 0 error(s), 1 left on base; Maui 2 - New Orleans 2
BOTTOM OF THE 7TH
New Orleans Looters batting - Pitching for Maui Tropics : RHP Yong-taek Yi
Batting: RHB Stephen Shaw 0-0: Swinging Strike
0-1: Ground out 4-3 (Groundball, 4MD)
Batting: RHB Dave O'Loan 0-0: Ground out 5-3 (Groundball, 5L)
Pitching: LHP Mark Stewart
Batting: LHB Taylor Smith 0-0: Called Strike
0-1: Ball
1-1: Fly out, F5 (Popup, 5L)
Bottom of the 7th over - 0 run(s), 0 hit(s), 0 error(s), 0 left on base; Maui 2 - New Orleans 2
TOP OF THE 8TH
Maui Tropics batting - Pitching for New Orleans Looters : LHP Tadao Yoshida
Batting: RHB José Herrera 0-0: SINGLE (Groundball, 6D)
Batting: RHB Luis Alou 0-0: Ball
1-0: Called Strike
1-1: Ball
2-1: Foul Ball, location: 2F
2-2: Strikes out swinging
Batting: RHB Michael Woodruff 0-0: Ball
1-0: Ball
2-0: Ball
3-0: Called Strike
3-1: Base on Balls
José Herrera to second
Batting: SHB Ryobe Yamamoto 0-0: Ball
1-0: Foul Ball, location: 2F
1-1: Bunted foul
1-2: Ball
2-2: DOUBLE (Line Drive, 7LM)
José Herrera scores
Michael Woodruff to third
Batting: RHB José Rodríguez 0-0: Called Strike
0-1: Foul Ball, location: 2F
0-2: Strikes out looking
Batting: RHB Matt Silver 0-0: Ball
1-0: Ground out 5-3 (Groundball, 5L)
Top of the 8th over - 1 run(s), 2 hit(s), 0 error(s), 2 left on base; Maui 3 - New Orleans 2
BOTTOM OF THE 8TH
New Orleans Looters batting - Pitching for Maui Tropics : LHP Mark Stewart
Pitching: RHP Luis De Los Ángeles
Now in CF: Don Hull
Batting: LHB Francisco Vega 0-0: Called Strike
0-1: Ball
1-1: Ball
2-1: Ball
3-1: Fly out, F2 (Popup, 5S)
Batting: RHB Run-ming Zhu 0-0: Called Strike
0-1: Foul Ball, location: 2F
0-2: Ground out 6-3 (Groundball, 6)
Batting: LHB Miguel Colón 0-0: Called Strike
0-1: Ground out 5-3 (Groundball, 5D)
Bottom of the 8th over - 0 run(s), 0 hit(s), 0 error(s), 0 left on base; Maui 3 - New Orleans 2
TOP OF THE 9TH
Maui Tropics batting - Pitching for New Orleans Looters : LHP Tadao Yoshida
Pitching: LHP Juan Méndez
Batting: LHB Mike Pearson 0-0: Ball
1-0: Ground out U3 (Groundball, 3)
Batting: LHB Luis Antonio Torres 0-0: Called Strike
0-1: DOUBLE (Line Drive, 9LM)
Batting: RHB Jesús Espinoza 0-0: Intentional Walk
Batting: RHB José Herrera 0-0: Called Strike
0-1: Ball
1-1: Swinging Strike
1-2: Foul Ball, location: 2F
1-2: Foul Ball, location: 2F
1-2: Strikes out swinging
Batting: RHB Luis Alou 0-0: Ball
1-0: TRIPLE (Flyball, 9LD)
Luis Antonio Torres scores
Jesús Espinoza scores
Pitching: RHP Juan Flores
Batting: RHB Michael Woodruff 0-0: Ball
1-0: Foul Ball, location: 2F
1-1: Called Strike
1-2: Fly out, F9 (Flyball, 89S)
Top of the 9th over - 2 run(s), 2 hit(s), 0 error(s), 1 left on base; Maui 5 - New Orleans 2
BOTTOM OF THE 9TH
New Orleans Looters batting - Pitching for Maui Tropics : RHP Luis De Los Ángeles
Pitching: RHP Juan González
Batting: SHB Arturo Sánchez 0-0: Called Strike
0-1: Swinging Strike
0-2: Ball
1-2: Strikes out swinging
Batting: RHB Rubén Vázquez 0-0: Ground out 5-3 (Groundball, 5S)
Batting: SHB Oliver Deleón 0-0: Called Strike
0-1: Called Strike
0-2: Strikes out swinging
Bottom of the 9th over - 0 run(s), 0 hit(s), 0 error(s), 0 left on base; Maui 5 - New Orleans 2
Tuesday, August 8th, 2017 - OOTP Baseball 17.12 Build 75